 Dungeon Crawl Stone Soup version 0.32-a0-711-g016ad743e0 (webtiles) character file.

Game seed: 9531201375987782987

78530 dialectric the Fighter (level 15, -1/120 HPs)
             Began as a Demonspawn Shapeshifter on Mar 15, 2024.
             Was the Champion of Lugonu.
             Slain by a red ugly thing (6 damage)
             ... on level 1 of the Spider Nest.
             The game lasted 00:53:09 (23441 turns).

dialectric the Fighter (Demonspawn Shapeshifter)   Turns: 23441, Time: 00:53:09

Health: -1/120     AC: 17    Str: 16 (18) XL:     15   Next: 18%
Magic:  0/19       EV: 22    Int: 12 (13) God:    Lugonu [******]
Gold:   1439       SH:  0    Dex: 18      Spells: 17/20 levels left

rFire   . . .        Y - +3 double sword (distort)
rCold   + . .        (no shield)
rNeg    . . .        q - +5 leather armour of Buxepp {Regen+ Dex+4 Stlth+}
rPois   .            (helmet currently unavailable)
rElec   .            I - melded +0 cloak
rCorr   .            l - melded +1 pair of gloves
SInv    .            W - melded +3 pair of seven-league boots {Rampage+∞}
Will    +....        h - amulet of the acrobat
Stlth   ++++         M - +4 ring of protection
HPRegen 1.20/turn    T - +5 ring of evasion
MPRegen 0.32/turn

%: acrobat, guardian spirit
@: beast-form
A: beast (slay +4), claws 3, icy blue scales 3, icemail 2, magic shield, magic
regeneration, condensation shield, deterioration 1
a: Begin Untransformation, Renounce Religion, Depart the Abyss, Banish, Corrupt,
Enter the Abyss, Brand Weapon With Distortion


You were on level 1 of the Spider Nest.
You worshipped Lugonu.
Lugonu was exalted by your worship.
You were a hulking beast.
You visited 4 branches of the dungeon, and saw 21 of its levels.
You visited the Abyss 1 time.

You collected 1595 gold pieces.
You spent 156 gold pieces at shops.

Inventory:

Hand Weapons
 H - the +7 long sword of the Blind Eye {flame, rF+ Int+3 Dex+2}
   (You found it on level 13 of the Dungeon)

   Int+3:     It affects your intelligence (+3).
   Dex+2:     It affects your dexterity (+2).
   rF+:       It protects you from fire.
 Y - a +3 double sword of distortion (weapon)
Missiles
 p - 3 darts of dispersal
 G - 2 atropa-tipped darts
 N - a curare-tipped dart (quivered)
 U - 5 throwing nets
Armour
 l - a +1 pair of gloves (melded)
 q - the +5 leather armour of Buxepp (worn) {Regen+ Dex+4 Stlth+}
   (You found it on level 2 of the Dungeon)

   Dex+4:     It affects your dexterity (+4).
   Regen+:    It increases your rate of health regeneration.
   Stlth+:    It makes you more stealthy.
 v - the +6 chain mail of the King of the Hill {Int+4 Stlth-}
   (You found it on level 10 of the Dungeon)

   Int+4:     It affects your intelligence (+4).
   Stlth-:    It makes you less stealthy.
 y - a +1 pair of boots
 I - a +0 cloak (melded)
 W - the +3 pair of seven-league boots (melded) {Rampage+∞}
   (You found it on level 10 of the Dungeon)

   Rampage+∞: When moving toward enemies, its wearer moves as far as possible,
   alerting their target en route.
Jewellery
 h - an amulet of the acrobat (around neck)
 u - a ring of willpower
 E - an amulet of regeneration
 J - a ring of resist corrosion
 K - an amulet of reflection
 M - a +4 ring of protection (left claw)
 P - an amulet of guardian spirit
 T - a +5 ring of evasion (right claw)
 Z - a ring of see invisible
Talismans
 c - a beast talisman (active)
 V - a blade talisman
Wands
 j - a wand of flame (33)
 o - a wand of quicksilver (5)
 A - a wand of digging (14)
 L - a wand of charming (5)
 Q - a wand of iceblast (6)
 S - a wand of mindburst (20)
Scrolls
 a - 2 scrolls of noise
 f - 2 scrolls of enchant armour
 g - a scroll of poison
 i - 5 scrolls of immolation
 r - 2 scrolls of revelation
 t - 6 scrolls of teleportation
 x - a scroll of fog
 B - 3 scrolls of blinking
 F - a scroll of fear
 O - 3 scrolls of identify
Potions
 b - 5 potions of lignification
 d - a potion of mutation
 e - 2 potions of ambrosia
 k - 2 potions of might
 m - 3 potions of resistance
 n - 2 potions of magic
 z - 2 potions of attraction
 C - 5 potions of enlightenment
 R - a potion of cancellation
 X - a potion of haste
Miscellaneous
 w - a condenser vane
 D - a box of beasts (inert)


   Skills:
 - Level 12.0 Fighting
 - Level 6.0(9.0) Short Blades
 * Level 10.4(11.1) Long Blades
 - Level 10.2 Armour
 - Level 11.1 Dodging
 - Level 4.0 Stealth
 - Level 5.2 Unarmed Combat
 - Level 3.0 Spellcasting
 - Level 3.0 Hexes
 + Level 10.2 Shapeshifting


You had 17 spell levels left.
You knew the following spells:

 Your Spells              Type           Power      Damage    Failure   Level
a - Confusing Touch       Hex            9%         N/A       24%         3

Your spell library contained the following spells:

 Spells                   Type           Power      Damage    Failure   Level
 Slow                     Hex            36%        N/A       9%          1
 Tukima's Dance           Hex            9%         N/A       24%         3
 Freeze                   Ice            4%         1d3       28%         1
 Kiss of Death            Conj/Necr      4%         2d5       28%         1
 Blink                    Tloc           2%         N/A       38%         2
 Lesser Beckoning         Tloc           2%         N/A       38%         2
 Momentum Strike          Conj/Tloc      2%         3d8       38%         2
 Sublimation of Blood     Necr           1%         N/A       38%         2
 Frozen Ramparts          Ice            2%         1d1       63%         3
 Hailstorm                Conj/Ice       1%         3d5       63%         3
 Vampiric Draining        Necr           1%         2d6       63%         3
 Dimensional Bullseye     Hex/Tloc       2%         N/A       83%         4
 Dispel Undead            Necr           1%         3d6       95%         4
 Iskenderun's Mystic Bla  Conj/Tloc      1%         2d3       95%         4
 Leda's Liquefaction      Alch/Erth      0%         N/A       95%         4
 Petrify                  Alch/Erth      1%         N/A       95%         4
 Irradiate                Conj/Alch      0%         3d11      100%        5
 Lee's Rapid Deconstruct  Erth           0%         3d4*      100%        5
 Permafrost Eruption      Ice/Erth       0%         2x4d2     100%        6


Dungeon Overview and Level Annotations

Branches:
Dungeon (13/15)            Temple (0/1) D:4            Lair (5/5) D:9
  Swamp (0/4) Lair:2       Spider (1/4) Lair:3        Slime (0/5) Lair:4
    Orc (2/2) D:11            Elf (0/3) Orc:2        Vaults (0/5) D:13

Altars:
Cheibriados
Gozag
Kikubaaqudgha
Nemelex Xobeh
Okawaru
Qazlal
Ru
Sif Muna
Uskayaw
Vehumet
Xom
Beogh
Jiyva

Shops:
D:2 !   D:4 *   D:5 [   Orc:2 [!([

Portals:
Ice
Cave: Spider:1

Annotations:
D:12 2 transporters, scarr's ghost, journeyman DrMo
Lair:4 exclusion: oklob plant


Innate Abilities, Weirdness & Mutations

You are a hulking beast.
Your limbs bulge with bestial killing power. (Slay +4)
You have claws for hands.
You are completely covered in icy blue scales. (AC +4, rC+)
A meltable icy envelope protects you from harm. (AC +0)
When hurt, damage is shared between your health and your magic reserves.
You regenerate magic rapidly.
A meltable shield of frost defends you. (SH +0)
Your body sometimes deteriorates upon taking damage.


Message History

The white ugly thing engulfs you!
* * * LOW HITPOINT WARNING * * *
The white ugly thing freezes you! You resist.
* * * LOW HITPOINT WARNING * * *
You closely miss the red ugly thing. The red ugly thing pecks you.
* * * LOW HITPOINT WARNING * * *
You are engulfed in flames!
* * * LOW HITPOINT WARNING * * *
The white ugly thing closely misses you.
You slice the red ugly thing!!
The red ugly thing is moderately wounded.
The red ugly thing blinks!
The white ugly thing engulfs you but does no damage.
The red ugly thing barely misses you.
Unknown command.
The white ugly thing completely misses you.
The red ugly thing completely misses you.
Unknown command.
You feel much better.
The white ugly thing engulfs you but does no damage.
The red ugly thing barely misses you.
The white ugly thing completely misses you.
The red ugly thing attacks as it pursues you!
The red ugly thing headbutts you.
You are engulfed in flames!!
* * * LOW HITPOINT WARNING * * *
The red ugly thing attacks as it pursues you!
The red ugly thing completely misses you.
The white ugly thing attacks as it pursues you!
The white ugly thing completely misses you.
The white ugly thing attacks as it pursues you!
The white ugly thing misses you.
The red ugly thing attacks as it pursues you!
The red ugly thing headbutts you.
* * * LOW HITPOINT WARNING * * *
You are engulfed in flames!!
* * * LOW HITPOINT WARNING * * *
You slice the white ugly thing!!
The white ugly thing is severely wounded.
The white ugly thing blinks!
The red ugly thing headbutts you.
You die...

#.....###.###
##....#.#...#
#...###....#
##..#......#
#^...†.#### ##
#####..#..#
#..###)
#..###...^
#..^..##uu##
#...#
......#†h.#
.#..
####.†.u### #
. #........#
.# ##..##..##
... #.. #...##
....#######..#
###...#.#...##
#.......##..##
#†......###


You could see 3 ugly things.

Vanquished Creatures
  A ghost moth (Spider:1)
  An orc warlord (Orc:2)
  An ettin (Orc:2)
  A vault guard (D:13)
  2 hydras (Lair:5)
  Fannar (Lair:2)
  An ironbound frostheart (D:13)
  Erica (Lair:2)
  2 centaur warriors
  8 two-headed ogres
  3 catoblepae
  A boulder beetle (D:13)
  A death yak (Lair:5)
  4 orc high priests (Orc:2)
  A tengu warrior (D:12)
  Urug (Lair:1)
  4 skysharks
  2 spriggan druids (Lair:2)
  A necromancer (Lair:3)
  5 orc knights
  2 deep elf pyromancers (D:12)
  A phantasmal warrior (D:10)
  4 orc sorcerers (Orc:2)
  A worldbinder (Abyss:2)
  A cyclops (Orc:1)
  2 ugly things
  9 elephants
  A guardian serpent (D:10)
  3 manticores
  6 kobold blastminers
  A gargoyle (D:12)
  14 cane toads
  An unseen horror (D:13)
  An efreet (D:13)
  2 rime drakes
  11 komodo dragons
  6 trolls
  3 tarantellas (Spider:1)
  A polar bear (Lair:2)
  3 hornets
  24 blink frogs
  6 dream sheep
  3 jumping spiders (Spider:1)
  2 culicivoras (Spider:1)
  A slime creature (D:10)
  5 wyverns
  A wraith (D:11)
  25 yaks
  Grum (D:9)
  4 basilisks
  A vampire (D:13)
  2 humans (D:13)
  A steam dragon (D:9)
  2 redbacks (Spider:1)
  7 vampire mosquitoes
  A death yak simulacrum (Lair:5)
  5 wargs
  A spectral cane toad (Lair:5)
  12 water moccasins
  39 orc warriors
  An ice beast (D:4)
  11 ogres
  21 wolves
  5 centaurs
  An elephant skeleton (Lair:5)
  3 kobold brigands
  11 bullfrogs
  A gnoll sergeant (D:10)
  5 scorpions
  12 wights
  4 killer bees
  A vampire bat (D:5)
  4 howler monkeys
  2 bombardier beetles
  6 jellies
  32 orc priests
  Crazy Yiuf (D:2)
  3 hounds
  An iguana (D:5)
  9 hell rats
  25 orc wizards
  3 polar bear simulacra (Lair:3)
  4 yak simulacra (Lair:3)
  7 mutant beasts (D:9)
  5 gnolls
  6 adders
  5 river rats (Lair:4)
  2 shadow imps
  A white imp (D:6)
  2 dart slugs
  3 fire bats (D:5)
  3 ribbon worms
  64 orcs
  2 spectral bats (D:5)
  2 ball pythons
  3 bat skeletons (D:5)
  A bat zombie (D:5)
  3 endoplasms
  5 giant cockroaches
  7 goblins
  5 hobgoblins
  4 quokkas
  14 bats
  A bat simulacrum (D:5)
  3 frilled lizards
  20 kobolds
  12 rats
  4 river rat simulacra (Lair:3)
608 creatures vanquished.

Vanquished Creatures (collateral kills)
  Harold (D:9)
  An ogre mage (D:12)
  2 orc warriors (Orc:1)
  An ogre (D:12)
  4 killer bees (D:8)
  An orc wizard (D:8)
  6 orcs
16 creatures vanquished.

Vanquished Creatures (others)
  An orc warrior (Orc:2)
  2 ogres (D:12)
  A centaur (D:13)
  2 orc priests
  An orc wizard (Orc:1)
  An orc (Orc:2)
8 creatures vanquished.

Grand Total: 632 creatures vanquished

Notes
Turn   | Place    | Note
-------+----------+-------------------------------------------
     0 | D:1      | dialectric the Demonspawn Shapeshifter began the quest for
                  | the Orb.
     0 | D:1      | Reached XP level 1. HP: 15/15 MP: 1/1
   200 | D:1      | Gained mutation: A meltable shield of frost defends you.
                  | (SH +0) [demonic ancestry]
   200 | D:1      | Reached XP level 2. HP: 21/21 MP: 2/2
   509 | D:1      | Gained mutation: You are partially covered in icy blue
                  | scales. (AC +2) [demonic ancestry]
   509 | D:1      | Reached XP level 3. HP: 25/26 MP: 3/3
   810 | D:1      | Found a stormy altar of Qazlal.
  1052 | D:2      | Found a runed translucent door.
  1053 | D:2      | Noticed Crazy Yiuf
  1345 | D:2      | Found a stormy altar of Qazlal.
  1364 | D:2      | Found Poluont's Distillery.
  1371 | D:2      | Bought a potion of curing for 36 gold pieces
  1631 | D:2      | Identified the +5 leather armour of Buxepp {Regen+ Dex+4
                  | Stlth+}
  1876 | D:3      | Reached skill level 2 in Fighting
  1876 | D:3      | Reached skill level 1 in Short Blades
  1876 | D:3      | Gained mutation: You have sharp fingernails. [demonic
                  | ancestry]
  1876 | D:3      | Reached XP level 4. HP: 33/33 MP: 4/4
  1930 | D:3      | Found a faded altar of an unknown god.
  2428 | D:4      | Found Xetotual's Assorted Antiques.
  2669 | D:4      | Found a staircase to the Ecumenical Temple.
  2679 | D:4      | Noticed an ice beast
  2688 | D:4      | Killed an ice beast
  2689 | D:4      | Reached skill level 1 in Stealth
  2689 | D:4      | Gained mutation: A meltable icy envelope protects you from
                  | harm. (AC +0) [demonic ancestry]
  2689 | D:4      | Reached XP level 5. HP: 39/39 MP: 5/5
  2885 | D:4      | Reached skill level 1 in Armour
  3315 | D:5      | Entered Level 5 of the Dungeon
  3382 | D:5      | Gained mutation: You regenerate magic rapidly. [demonic
                  | ancestry]
  3382 | D:5      | Reached XP level 6. HP: 46/46 MP: 6/6
  3750 | D:5      | Reached skill level 3 in Fighting
  3917 | D:5      | Found an opulent altar of Gozag.
  4121 | D:5      | Found Uggahehu's Armour Emporium.
  4198 | D:6      | Reached XP level 7. HP: 51/52 MP: 7/7
  4687 | D:6      | Identified the +1 dagger "Geudy" {elec, Fly Int+6}
  4884 | D:2      | Killed Crazy Yiuf
  5086 | D:7      | Noticed Jeremiah
  5411 | D:7      | Gained mutation: You are mostly covered in icy blue scales.
                  | (AC +3) [demonic ancestry]
  5411 | D:7      | Reached XP level 8. HP: 60/60 MP: 8/8
  5437 | D:7      | Found a hide-covered altar of Uskayaw.
  5518 | D:7      | Noticed a two-headed ogre
  5824 | D:8      | Reached skill level 4 in Fighting
  6084 | D:7      | Jeremiah changed into Jeremiah the cane toad
  6084 | D:7      | Noticed Jeremiah
  6093 | D:7      | Killed Jeremiah the cane toad
  6094 | D:7      | Reached skill level 5 in Fighting
  6171 | D:7      | Killed a two-headed ogre
  6172 | D:7      | Reached skill level 5 in Unarmed Combat
  6172 | D:7      | Gained mutation: When hurt, damage is shared between your
                  | health and your magic reserves. [demonic ancestry]
  6172 | D:7      | Reached XP level 9. HP: 27/68 MP: 9/9
  6708 | D:8      | Reached skill level 5 in Armour
  7085 | D:8      | Reached skill level 6 in Fighting
  7291 | D:9      | Noticed Harold
  7323 | D:9      | Killed Harold
  7324 | D:9      | Reached skill level 7 in Fighting
  7324 | D:9      | Reached skill level 5 in Short Blades
  7324 | D:9      | Reached skill level 5 in Dodging
  7324 | D:9      | Reached XP level 10. HP: 46/79 MP: 5/10
  7507 | D:9      | Noticed Grum
  7577 | D:10     | Entered Level 10 of the Dungeon
  7581 | D:10     | Noticed a two-headed ogre
  7700 | D:10     | Noticed a two-headed ogre
  7717 | D:10     | Killed a two-headed ogre
  7718 | D:10     | Reached skill level 5 in Shapeshifting
  7746 | D:10     | Killed a two-headed ogre
  7747 | D:10     | Reached skill level 8 in Fighting
  7836 | D:10     | Found an ancient bone altar of Kikubaaqudgha.
  7836 | D:10     | Found a snail-covered altar of Cheibriados.
  7841 | D:10     | Found a stormy altar of Qazlal.
  7844 | D:10     | Found a sacrificial altar of Ru.
  7851 | D:10     | Found a shimmering blue altar of Sif Muna.
  7855 | D:10     | Found a sparkling altar of Nemelex Xobeh.
  8044 | D:10     | Identified the +6 chain mail of the King of the Hill {Int+4
                  | Stlth-}
  8278 | D:9      | Found a staircase to the Lair.
  8358 | D:9      | Noticed a juvenile stingox beast
  8396 | Lair:1   | Entered Level 1 of the Lair of Beasts
  8396 | Lair:1   | Noticed a cane toad
  8742 | D:10     | Reached XP level 11. HP: 57/82 MP: 7/11
  8789 | D:10     | Noticed a two-headed ogre
  8807 | D:10     | Killed a two-headed ogre
  8918 | D:10     | Noticed a phantasmal warrior
  8950 | D:10     | Killed a phantasmal warrior
  9031 | D:10     | Found the +3 pair of seven-league boots {Rampage+∞}
  9409 | D:11     | Noticed a two-headed ogre
  9452 | D:11     | Killed a two-headed ogre
  9712 | D:12     | Found a transporter.
  9712 | D:12     | Found a transporter.
  9712 | D:12     | Noticed scarr's ghost (journeyman DrMo)
  9714 | D:12     | Noticed a phantasmal warrior
  9715 | D:12     | Noticed a death knight
  9824 | D:12     | Noticed a purple ugly thing
  9852 | D:12     | Killed a purple ugly thing
  9857 | D:12     | Found a radiant altar of Vehumet.
 10006 | D:12     | Noticed a deep elf pyromancer
 10029 | D:12     | Killed a deep elf pyromancer
 10152 | D:12     | Noticed an ogre mage
 10152 | D:12     | Noticed a two-headed ogre
 10160 | D:12     | Killed an ogre mage
 10161 | D:12     | Reached skill level 9 in Fighting
 10209 | D:12     | Killed a two-headed ogre
 10288 | D:12     | Noticed a deep elf pyromancer
 10297 | D:12     | Killed a deep elf pyromancer
 10651 | D:12     | Noticed a tengu warrior
 10702 | D:12     | Killed a tengu warrior
 10872 | D:12     | Noticed a necromancer
 11280 | D:11     | Found a staircase to the Orcish Mines.
 11301 | D:11     | Noticed a centaur warrior
 11342 | D:11     | Killed a centaur warrior
 11343 | D:11     | Gained mutation: A meltable icy envelope protects you from
                  | harm. (AC +0) [demonic ancestry]
 11343 | D:11     | Reached XP level 12. HP: 97/97 MP: 12/12
 11602 | Orc:1    | Entered Level 1 of the Orcish Mines
 11663 | Orc:1    | Reached skill level 10 in Dodging
 11804 | Orc:2    | Entered Level 2 of the Orcish Mines
 11923 | Orc:2    | Reached skill level 10 in Fighting
 12379 | Orc:2    | Noticed an ettin
 12409 | Orc:2    | HP: 4/97 [ettin/+0 dire flail (34)]
 12414 | Orc:2    | HP: 2/97 [ettin/+0 dire flail (29)]
 12891 | Orc:2    | Found a roughly hewn altar of Beogh.
 12924 | Orc:2    | Found Naemun's Armour Emporium.
 12936 | Orc:2    | Found Iqiezy's Distillery.
 12999 | Abyss:1  | Cast into level 1 of the Abyss (orc warrior)
 13059 | Abyss:1  | Noticed a Hell Sentinel
 13130 | Abyss:2  | Noticed a starcursed mass
 13158 | Abyss:3  | Found a corrupted altar of Lugonu.
 13162 | Abyss:3  | Became a worshipper of Lugonu the Unformed
 13162 | Abyss:3  | Reached * piety under Lugonu
 13162 | Abyss:3  | Reached ** piety under Lugonu
 13163 | Orc:2    | Escaped the Abyss
 13188 | Orc:2    | Bought a potion of heal wounds for 75 gold pieces
 13188 | Orc:2    | Bought a potion of curing for 45 gold pieces
 13394 | Orc:2    | Reached skill level 11 in Fighting
 13955 | Orc:2    | Noticed an orc high priest
 13963 | Orc:2    | Killed an orc high priest
 14079 | Orc:2    | Identified the +0 robe "Zoutwuwn" {Int+3 Dex+3}
 14251 | Orc:2    | Killed an ettin
 14252 | Orc:2    | Gained mutation: You have very sharp fingernails. [demonic
                  | ancestry]
 14252 | Orc:2    | Reached XP level 13. HP: 75/106 MP: 7/13
 14475 | Orc:2    | Paralysed by an orc sorcerer for 4 turns
 14756 | Orc:2    | Found a staircase to the Elven Halls.
 14826 | Orc:2    | Found Fusyasorips's Weapon Shop.
 14877 | Orc:2    | Noticed an orc warlord
 14959 | Orc:2    | Reached *** piety under Lugonu
 15073 | Orc:2    | Reached skill level 10 in Armour
 15606 | D:9      | Found a shimmering altar of Xom.
 15787 | D:9      | Killed Grum
 16148 | Lair:1   | Reached skill level 12 in Fighting
 16363 | Lair:1   | Reached skill level 1 in Long Blades
 16372 | Lair:1   | Reached **** piety under Lugonu
 16435 | Lair:1   | Noticed Urug
 16472 | Lair:1   | Learned a level 3 spell: Confusing Touch
 16559 | Lair:1   | Killed Urug
 16657 | Lair:1   | Gained mutation: You occasionally lose the ability to drink
                  | potions when taking damage. [potion of mutation]
 16657 | Lair:1   | Gained mutation: You are robust. (+10% HP) [potion of
                  | mutation]
 16667 | Lair:1   | Lost mutation: You occasionally lose the ability to drink
                  | potions when taking damage. [potion of mutation]
 16667 | Lair:1   | Lost mutation: You are robust. (+10% HP) [potion of
                  | mutation]
 16667 | Lair:1   | Gained mutation: Your body sometimes deteriorates upon
                  | taking damage. [potion of mutation]
 17263 | Lair:2   | Noticed Fannar
 17294 | Lair:1   | Reached skill level 1 in Hexes
 17351 | Lair:2   | Reached skill level 1 in Spellcasting
 17492 | Lair:2   | Killed Fannar
 18062 | Lair:2   | Found a staircase to the Swamp.
 18192 | Lair:2   | Noticed Erica
 18208 | Lair:2   | Killed Erica
 18222 | Lair:2   | Reached ***** piety under Lugonu
 18664 | Lair:3   | Gained mutation: You have claws for hands. [demonic
                  | ancestry]
 18664 | Lair:3   | Reached XP level 14. HP: 115/115 MP: 17/17
 18686 | Lair:3   | Found a hole to the Spider Nest.
 18705 | Lair:3   | Reached skill level 5 in Long Blades
 20228 | Lair:4   | Found a staircase to the Slime Pits.
 20233 | Lair:4   | Found a viscous altar of Jiyva.
 20540 | Lair:5   | Entered Level 5 of the Lair of Beasts
 20786 | Lair:5   | Reached ****** piety under Lugonu
 21677 | Orc:2    | Found a roughly hewn altar of Beogh.
 21724 | Orc:2    | Killed an orc warlord
 21918 | Orc:2    | Found Etzobyoff's Antique Armour Boutique.
 21940 | Orc:2    | HP: 4/115 [poisoned by an orc]
 22300 | D:13     | Identified the +7 long sword of the Blind Eye {flame, rF+
                  | Int+3 Dex+2}
 22490 | D:13     | Gained mutation: You are completely covered in icy blue
                  | scales. (AC +4, rC+) [demonic ancestry]
 22490 | D:13     | Reached XP level 15. HP: 11/120 MP: 2/19
 22526 | D:13     | Reached skill level 10 in Shapeshifting
 22854 | D:13     | Reached skill level 10 in Long Blades
 23000 | D:13     | Found an iron altar of Okawaru.
 23057 | D:13     | Found a gate to the Vaults.
 23265 | Spider:1 | Entered Level 1 of the Spider Nest
 23409 | Spider:1 | Found a glacial archway.
 23440 | Spider:1 | HP: 4/120 [red ugly thing (17)]
 23441 | Spider:1 | Slain by a red ugly thing

Illustrated notes

Levels and vault maps discovered:
D:1:      dpeg_arrival_water_altar, layout_loops_ring, minmay_misc_feat_chi,
          minmay_misc_feat_tower, nrook_campfire
D:2:      layout_loops_corners, serial_shops, shop, basic_altar,
          uniq_crazy_yiuf_cottage
D:3:      layout_loops_ring, ebering_ecumenical_altar_abandoned
D:4:      nicolae_cairo_tiling, layout_layer_cave,
          minmay_temple_entry_drinking_statues, serial_shops,
          nicolae_stop_n_shop_2
D:5:      layout_loops_ring, amcnicky_altar_gilded, serial_shops, shop,
          goddamned_bats
D:6:      layout_loops_ring, chequers_serial_rivers_large_a
D:7:      layout_gridville, kennysheep_mini_moat, uniq_jeremiah
D:8:      layout_loops_cross
D:9:      layout_grid_maze, xom_redecorated, erik_lair_orcish_takeover,
          nicolae_beast_mode, uniq_harold, uniq_grum
D:10:     layout_long_grid, nicolae_overflow_hallway_of_the_gods,
          hellmonk_guarded_unrand_seven_league_boots
D:11:     layout_grid_maze, orc_0_dummy, lemuel_nasty_fountain
D:12:     layout_stronghold, gammafunk_ghost_mausoleum, fiery_altar_vehumet
D:13:     layout_small_grid, hellmonk_vaults_keyhole, okawaru_altar_gauntlet_db
Lair:1:   layout_small_grid, grunt_megastairs_2, uniq_urug
Lair:2:   layout_regular_city, mainiacjoe_swamp_entry_angry_trees,
          serial_bayou_shore_b, infiniplex_staircase_pool_2, uniq_fannar,
          uniq_erica
Lair:3:   layout_cave_shapes, nicolae_spider_entry_non_spiders,
          eino_house_with_fridge
Lair:4:   layout_regular_city, nicolae_slime_entry_field_trip,
          kennysheep_abandoned_house, grunt_megastairs_3
Lair:5:   due_jungle_book, layout_regular_city
Spider:1: layout_spider_delve, portal_ice_cave_entry_ugly_swarm
Orc:1:    layout_caves
Orc:2:    pubby_orc_utopia

Skill      XL: |  1  2  3  4  5  6  7  8  9 10 11 12 13 14 15 |
---------------+----------------------------------------------+-----
Dodging        | 2 3 4 5 7 9 10 11 | 11.1
Unarmed Combat | 3 4 5 |  5.2
Shapeshifting  | 3 4 6 7 8 9 10 | 10.2
Fighting       | 2 3 5 7 8 9 11 12 | 12.0
Short Blades   | 1 2 3 4 5 6 |  6.0
Stealth        | 1 2 3 4 |  4.0
Armour         | 1 2 3 4 5 6 9 10 | 10.2
Long Blades    | 4 9 10 | 10.4
Hexes          | 2 3 |  3.0
Spellcasting   | 2 3 |  3.0

Action                     |  1- 3 |  4- 6 |  7- 9 | 10-12 | 13-15 || total
---------------------------+-------+-------+-------+-------+-------++-------
  Melee: Unarmed           |    15 |       |       |       |       ||    15
         Short sword       |    61 |   133 |   313 |  1872 |   547 ||  2926
         Double sword      |       |       |       |       |   854 ||   854
  Throw: Dart              |       |       |    15 |    16 |    23 ||    54
   Cast: Confusing Touch   |       |       |       |       |     1 ||     1
 Invoke: Depart the Abyss  |       |       |       |     1 |       ||     1
         Banish            |       |       |       |       |     1 ||     1
Ability: Begin Untransform |       |       |       |     1 |       ||     1
  Evoke: Wand              |       |       |    16 |    31 |    14 ||    61
         Box of beasts     |       |       |       |       |     2 ||     2
         Condenser vane    |       |       |       |       |     1 ||     1
    Use: Scroll            |       |       |     7 |    23 |     5 ||    35
         Potion            |       |       |     3 |     6 |     8 ||    17
   Stab: Distracted        |     1 |       |       |     1 |     4 ||     6
         Sleeping          |     1 |     8 |     7 |    14 |    28 ||    58
 Armour: Animal skin       |    40 |       |       |       |       ||    40
         Leather armour    |     4 |    79 |   207 |   923 |   955 ||  2168
  Dodge: Dodged            |    31 |    87 |   215 |  1920 |  1990 ||  4243
  Block: Other             |     4 |    31 |    47 |   312 |   289 ||   683
   Form: Beast             |       |       |       |     1 |       ||     1

Table legend: (Time is in decaauts)
 A = Elapsed time spent in this place.
 B = Non-inter-level travel time spent in this place.
 C = Inter-level travel time spent in this place.
 D = Time resting spent in this place.
 E = Time spent auto-exploring this place.
 F = Levels seen in this place.
 G = Mean time per level.
                   A        B        C        D        E       F      G
               +--------+--------+--------+--------+--------+-----+--------+
         Total |  23046 |  21577 |   1469 |    592 |  12792 |  24 |  960.2 |
       Dungeon |  13241 |  12242 |    999 |    425 |   8065 |  13 | 1018.5 |
          Lair |   5753 |   5382 |    371 |     27 |   3447 |   5 | 1150.6 |
   Spider Nest |    173 |    173 |      0 |      0 |     83 |   1 |  173.0 |
  Orcish Mines |   3710 |   3611 |     99 |    139 |   1196 |   2 | 1855.0 |
         Abyss |    168 |    168 |      0 |      0 |      0 |   3 |   56.0 |
               +--------+--------+--------+--------+--------+-----+--------+

Top non-repeatable levels by time:
   Orc:2: 3059 daAuts
    D:12: 1543 daAuts
     D:9: 1382 daAuts
  Lair:1: 1366 daAuts
  Lair:2: 1264 daAuts
     D:7: 1231 daAuts
    D:10: 1208 daAuts
  Lair:4: 1181 daAuts
    D:11: 1129 daAuts
     D:2: 1108 daAuts
  Lair:3: 1045 daAuts
     D:5: 997 daAuts
     D:4: 897 daAuts
  Lair:5: 895 daAuts
    D:13: 888 daAuts
